 Dungeon Crawl Stone Soup version 0.28-a0-479-g5baa6b73be (webtiles) character file.

Game seed: 6119925036837741367

69 bande the Covered (level 4, -2/29 HPs)
             Began as a Gargoyle Fighter on Sept 17, 2021.
             Killed by nerve-wracking pain
             ... invoked by Grinder
              (4 damage)
             ... on level 3 of the Dungeon.
             The game lasted 00:02:40 (1807 turns).

bande the Covered (Gargoyle Fighter)                Turns: 1807, Time: 00:02:41

Health: -2/29      AC: 10    Str: 20    XL:     4   Next: 20%
Magic:  4/4        EV:  9    Int:  8    God:
Gold:   88         SH:  5    Dex: 10    Spells: 3/3 levels left

rFire   . . .      SeeInvis .   a - +0 war axe
rCold   . . .      Faith    .   c - +1 buckler
rNeg    + . .      Spirit   .   b - +0 scale mail
rPois   ∞          Reflect  .   (no helmet)
rElec   +          Harm     .   (no cloak)
rCorr   .          Rampage  .   (no gloves)
Will    .....                   (no boots)
Stlth   ..........              (no amulet)
HPRegen 0.09/turn               (no ring)
MPRegen 0.09/turn               (no ring)

@: mighty, attractive, hasted, very quick
A: sickness immunity, AC +3, negative energy resistance 1, electricity
resistance, torment resistance 1, petrification resistance
a: no special abilities


You were on level 3 of the Dungeon.
You visited 1 branch of the dungeon, and saw 3 of its levels.

You collected 88 gold pieces.

Inventory:

Hand Weapons
 a - a +0 war axe (weapon)
Armour
 b - a +0 scale mail (worn)
 c - a +1 buckler (worn)
 h - a +0 kite shield
Scrolls
 g - a scroll of fog


   Skills:
 + Level 3.7 Fighting
 + Level 2.8 Axes
 + Level 4.0 Armour
 + Level 3.6 Shields


You had 3 spell levels left.
You didn't know any spells.
Your spell library contained the following spells:

 Spells                   Type           Power      Damage    Failure   Level
 Animate Skeleton         Necr           0%         N/A       77%         1
 Blink                    Tloc           N/A        N/A       88%         2
 Static Discharge         Conj/Air       0%         N/A       88%         2
 Dazzling Flash           Conj/Hex       0%         N/A       98%         3
 Lesser Beckoning         Tloc           0%         N/A       98%         3
 Dispel Undead            Necr           0%         3d6       100%        4
 Sticky Flame             Conj/Fire      0%         2d3       100%        4
 Agony                    Necr           0%         N/A       100%        5
 Manifold Assault         Tloc           0%         N/A       100%        5
 Silence                  Hex/Air        0%         N/A       100%        5


Dungeon Overview and Level Annotations

Branches:
Dungeon (3/15)

Altars:
Gozag

Annotations:
D:3 Grinder


Innate Abilities, Weirdness & Mutations

You are immune to sickness and miasma.
Your stone body is resilient. (AC +3)
You are immune to poison.
You resist negative energy. (rN+)
You are resistant to electric shocks. (rElec)
You are resistant to unholy torment.
You are immune to petrification.


Message History

You barely resist. Grinder gestures at you. Pain shoots through your body!
You closely miss Grinder.
Grinder says, "FISH!"
Grinder gestures at you.
You suddenly lose the ability to move!
Grinder hits you.
You writhe in agony.
Grinder completely misses you.
You can move again.
You barely miss Grinder. Grinder hits you.
You writhe in agony.
Unknown command.
It was a potion of attraction.
You feel attractive to monsters. Grinder gestures at you.
Pain shoots through your body!
* * * LOW HITPOINT WARNING * * *
It was a potion of haste.
You feel yourself speed up.
Grinder blinks!
Grinder is attracted toward you.
You feel very mighty all of a sudden. You block Grinder's attack.
You slash Grinder!
Grinder is moderately wounded.
You block Grinder's attack.
You barely miss Grinder.
Grinder is moderately wounded.
Grinder hits you.
* * * LOW HITPOINT WARNING * * *
You writhe in agony.
* * * LOW HITPOINT WARNING * * *
You slash Grinder!
Grinder is heavily wounded.
Grinder drinks a potion.
Grinder is healed!
You hit Grinder.
Grinder is lightly wounded.
Grinder blinks!
Grinder is attracted toward you.
You barely miss Grinder.
Grinder is lightly wounded.
Grinder gestures at you. Pain shoots through your body!
You die...

.###### ....... ......
.......###.#.##
........#....# ## #....#.#
#..# .# #....#.# #..#####.#
#....#.###§.....#.#
###....#.##.5.###.#.#
........†...@.......####.#
PP.._..PPPP.§≈§≈§........#
...................#####
########...............#
#.........#####.###
########..####....#
#.....#...#####
##############.##.#........
#....(.........#..#..######


You could see Grinder.

Vanquished Creatures
  2 adders (D:2)
  3 worms (D:2)
  2 dart slugs (D:1)
  2 endoplasms (D:2)
  3 giant cockroaches
  2 goblins (D:2)
  6 hobgoblins
  4 jackals (D:1)
  A quokka (D:3)
  3 ball pythons
  4 bats
  2 kobolds
  2 rats
36 creatures vanquished.

Notes
Turn   | Place    | Note
-------+----------+-------------------------------------------
     0 | D:1      | bande the Gargoyle Fighter began the quest for the Orb.
     0 | D:1      | Reached XP level 1. HP: 14/14 MP: 1/1
    22 | D:1      | Found a faded altar of an unknown god.
    59 | D:1      | Got Plato's Volume of Evil
   192 | D:1      | Reached XP level 2. HP: 18/19 MP: 2/2
   595 | D:2      | Reached XP level 3. HP: 17/23 MP: 3/3
  1385 | D:2      | Reached XP level 4. HP: 25/29 MP: 4/4
  1771 | D:3      | Found an opulent altar of Gozag.
  1777 | D:3      | Reached skill level 4 in Armour
  1788 | D:3      | Noticed Grinder
  1797 | D:3      | Paralysed by Grinder for 2 turns
  1807 | D:3      | Killed from afar by Grinder

Illustrated notes

Levels and vault maps discovered:
D:1:      saegor_arrival_simple_a, layout_basic,
          shapermc_ecumenical_altar_rom_forum
D:2:      layout_basic, serial_rivers, chequers_serial_rivers_large_b,
          chequers_serial_rivers_marsh, chequers_serial_rivers_room_b,
          chequers_serial_rivers_micro_d, chequers_serial_rivers_micro_d
D:3:      layout_basic, lemuel_tele_altar, nemelex_diamond_rough_becter,
          amcnicky_altar_gilded, mainiacjoe_overflow_boulevard,
          kennysheep_slug_shrine, minivault_27, uniq_grinder, uniq_ijyb

Skill      XL: |  1  2  3  4 |
---------------+-------------+-----
Axes           | 2 |  2.8
Armour         | 4 |  4.0
Fighting       | |  3.7
Shields        | |  3.6

Action                   |  1- 3 |  4- 6 || total
-------------------------+-------+-------++-------
Melee: War axe           |    90 |    20 ||   110
  Use: Scroll            |     4 |     1 ||     5
       Potion            |       |     3 ||     3
Armor: Scale mail        |    48 |     5 ||    53
Dodge: Dodged            |    46 |     8 ||    54
Block: Buckler           |    27 |     3 ||    30

Table legend: (Time is in decaauts)
 A = Elapsed time spent in this place.
 B = Non-inter-level travel time spent in this place.
 C = Inter-level travel time spent in this place.
 D = Time resting spent in this place.
 E = Time spent auto-exploring this place.
 F = Levels seen in this place.
 G = Mean time per level.
                   A        B        C        D        E       F      G
               +--------+--------+--------+--------+--------+-----+--------+
         Total |   1876 |   1876 |      0 |    215 |   1289 |   3 |  625.3 |
       Dungeon |   1876 |   1876 |      0 |    215 |   1289 |   3 |  625.3 |
               +--------+--------+--------+--------+--------+-----+--------+

Top non-repeatable levels by time:
     D:2: 1174 daAuts
     D:1: 537 daAuts
     D:3: 164 daAuts
